[ AOE2 MATCH · #505788426 ]
UnrankedMagyars vs Tupi
Player's team · LOSS
[ REPLAY ANALYSIS · EXTRACTED FROM THE RECORDED GAME ]
Feudal
13:36
Castle
18:46
Imperial
—
| APM avg | 55.3 |
| APM peak | 188 |
| eAPM avg | 24.7 |
| Villagers / military | 62 / 34 |
Focus
⚔️ 70.5% · 🌾 29.5%
Knight ×25 · Scout Cavalry ×5 · Battering Ram ×3 · Mangonel ×1
Feudal
13:30
Castle
17:18
Imperial
—
| APM avg | 19.5 |
| APM peak | 65 |
| eAPM avg | 8.9 |
| Villagers / military | 62 / 2 |
Focus
⚔️ 24.3% · 🌾 75.7%
Unknown (2579) ×20 · Monk ×1 · Mangonel ×1
Feudal
12:45
Castle
22:17
Imperial
—
| APM avg | 32.3 |
| APM peak | 60 |
| eAPM avg | 11.7 |
| Villagers / military | 63 / 40 |
Focus
⚔️ 17.9% · 🌾 82.1%
Cavalry Archer ×36 · Scout Cavalry ×4
Feudal
12:31
Castle
25:44
Imperial
—
| APM avg | 33.2 |
| APM peak | 64 |
| eAPM avg | 21.1 |
| Villagers / military | 77 / 10 |
Focus
⚔️ 23.0% · 🌾 77.0%
Kipchak ×5 · Spearman ×5
Feudal
—
Castle
—
Imperial
—
| APM avg | 37.7 |
| APM peak | 69 |
| eAPM avg | 21.7 |
| Villagers / military | 40 / 0 |
Focus
⚔️ 19.1% · 🌾 80.9%
Feudal
17:36
Castle
—
Imperial
—
| APM avg | 20.0 |
| APM peak | 35 |
| eAPM avg | 12.8 |
| Villagers / military | 61 / 25 |
Focus
⚔️ 25.3% · 🌾 74.7%
Scout Cavalry ×25
Feudal
13:36
Castle
17:09
Imperial
—
| APM avg | 33.6 |
| APM peak | 79 |
| eAPM avg | 16.5 |
| Villagers / military | 107 / 2 |
Focus
⚔️ 16.8% · 🌾 83.2%
Mangonel ×2
Feudal
13:21
Castle
17:00
Imperial
29:55
| APM avg | 25.4 |
| APM peak | 49 |
| eAPM avg | 15.1 |
| Villagers / military | 73 / 11 |
Focus
⚔️ 25.9% · 🌾 74.1%
Mangudai ×8 · Trebuchet (Packed) ×2 · Mangonel ×1
Match map
Initial resources + every placement click. Lines = walls · curves = elevation contours. ◆ gold · ⬟ stone · ● berries · ✦ relic · ◌ wall gap
Your base· Open — unwalled flank
Komibeorn's base· Open — unwalled flank
[GDL] RagnarokCo's base· Open — 9t gap
Peanut's base· Open — unwalled flank
Falso Caballero's base· Open — unwalled flank
Dr T's base· Open — unwalled flank
Mr. Snuss's base· Open — unwalled flank
[URU] ElPrimerURU's base· Open — unwalled flank
Smoothed initial terrain · ◌ = detected wall gap · hover for details
Inputs per minute
— Dadagama - - Komibeorn
Build order — Dadagama
136 actions detected in the replay
| 0:18 | Build | Town Center |
| 1:19 | Build | House |
| 2:24 | Queue | Villager (Male) ×4 |
| 3:10 | Build | House |
| 3:28 | Build | House |
| 4:01 | Queue | Villager (Male) |
| 4:23 | Queue | Villager (Male) |
| 4:23 | Queue | Villager (Male) |
| 5:10 | Queue | Villager (Male) |
| 5:47 | Queue | Villager (Male) |
| 5:47 | Queue | Villager (Male) |
| 5:48 | Queue | Villager (Male) |
| 6:02 | Build | Mill |
| 6:05 | Build | Mill |
| 6:15 | Queue | Villager (Male) |
| 6:15 | Queue | Villager (Male) |
| 7:01 | Queue | Villager (Male) |
| 7:02 | Queue | Villager (Male) |
| 7:38 | Queue | Villager (Male) |
| 7:38 | Queue | Villager (Male) |
| 7:38 | Queue | Villager (Male) |
| 7:45 | Queue | Villager (Male) |
| 7:45 | Queue | Villager (Male) |
| 8:11 | Build | House |
| 8:19 | Queue | Villager (Male) |
| 8:19 | Queue | Villager (Male) |
| 8:26 | Build | House |
| 8:40 | Queue | Villager (Male) |
| 8:44 | Build | House |
| 9:44 | Queue | Villager (Male) |
| 9:49 | Build | House |
| 10:04 | Build | House |
| 10:33 | Queue | Villager (Male) |
| 10:40 | Build | Lumber Camp |
| 11:01 | Research | Loom |
| 11:16 | Research | Feudal Age |
| 11:38 | Build | Barracks |
| 11:49 | Build | House |
| 12:43 | Queue | Villager (Male) |
| 12:43 | Queue | Villager (Male) |
| 12:44 | Queue | Villager (Male) |
| 13:36 | Age | Feudal Age |
| 13:38 | Build | Stable |
| 14:06 | Queue | Villager (Male) |
| 14:17 | Queue | Scout Cavalry ×5 |
| 14:31 | Build | House |
| 15:01 | Queue | Villager (Male) |
| 15:01 | Queue | Villager (Male) |
| 15:05 | Build | Blacksmith |
| 15:24 | Research | Double-Bit Axe |
| 15:40 | Research | Scale Barding Armor |
| 16:00 | Research | Castle Age |
| 16:06 | Build | Mining Camp |
| 16:51 | Build | Mill |
| 18:36 | Queue | Villager (Male) |
| 18:36 | Queue | Villager (Male) |
| 18:39 | Research | Wheelbarrow |
| 18:39 | Research | Wheelbarrow |
| 18:46 | Age | Castle Age |
| 18:58 | Queue | Villager (Male) |
| 18:58 | Queue | Villager (Male) |
| 19:04 | Research | Bloodlines |
| 19:12 | Build | Market |
| 19:15 | Build | Mill |
| 19:26 | Research | Husbandry |
| 19:48 | Build | House |
| 19:50 | Build | House |
| 20:52 | Queue | Knight |
| 20:52 | Queue | Knight |
| 20:52 | Queue | Knight |
| 22:06 | Queue | Villager (Male) |
| 22:06 | Queue | Villager (Male) |
| 22:11 | Build | Town Center |
| 22:14 | Queue | Villager (Male) |
| 22:14 | Queue | Villager (Male) |
| 22:19 | Queue | Knight |
| 22:19 | Queue | Knight |
| 22:58 | Build | Stable |
| 23:05 | Build | Siege Workshop |
| 23:08 | Queue | Knight |
| 23:08 | Queue | Knight |
| 23:08 | Queue | Knight |
| 23:09 | Queue | Villager (Male) |
| 23:09 | Queue | Villager (Male) |
| 23:11 | Queue | Villager (Male) |
| 23:12 | Queue | Villager (Male) |
| 23:15 | Build | Mining Camp |
| 23:23 | Queue | Villager (Male) |
| 23:23 | Queue | Villager (Male) |
| 23:51 | Queue | Mangonel |
| 24:02 | Build | House |
| 24:11 | Queue | Knight |
| 24:11 | Queue | Knight |
| 24:19 | Build | House |
| 24:20 | Build | House |
| 24:48 | Queue | Villager (Male) |
| 24:49 | Queue | Villager (Male) |
| 24:54 | Build | Mill |
| 24:56 | Queue | Villager (Male) |
| 24:56 | Queue | Villager (Male) |
| 24:56 | Queue | Villager (Male) |
| 24:57 | Queue | Knight |
| 24:58 | Queue | Knight |
| 26:01 | Research | Arson |
| 26:13 | Queue | Knight |
| 26:13 | Queue | Knight |
| 26:13 | Queue | Knight |
| 26:35 | Queue | Villager (Male) |
| 26:35 | Queue | Villager (Male) |
| 27:11 | Queue | Villager (Male) |
| 27:12 | Queue | Villager (Male) |
| 27:16 | Build | Lumber Camp |
| 27:46 | Queue | Knight ×2 |
| 27:51 | Queue | Battering Ram |
| 27:52 | Queue | Battering Ram |
| 27:54 | Build | House |
| 27:55 | Build | House |
| 27:55 | Build | House |
| 28:21 | Queue | Knight ×3 |
| 28:52 | Queue | Battering Ram |
| 28:57 | Build | Farm |
| 28:58 | Build | Farm |
| 28:58 | Build | Farm |
| 28:58 | Build | Farm |
| 28:58 | Build | Farm |
| 28:59 | Build | Farm |
| 29:00 | Queue | Villager (Male) |
| 29:00 | Queue | Villager (Male) |
| 29:00 | Queue | Villager (Male) |
| 29:00 | Queue | Villager (Male) |
| 29:25 | Build | House |
| 29:26 | Build | House |
| 29:26 | Build | House |
| 29:28 | Queue | Villager (Male) ×3 |
| 31:13 | Queue | Knight ×5 |
| 31:14 | Queue | Villager (Male) |
Build order — Komibeorn
108 actions detected in the replay
| 0:40 | Build | Town Center |
| 1:45 | Build | House |
| 2:53 | Queue | Villager (Male) ×4 |
| 3:53 | Queue | Villager (Male) |
| 4:28 | Queue | Villager (Male) |
| 5:23 | Queue | Villager (Male) |
| 5:24 | Queue | Villager (Male) |
| 5:32 | Queue | Villager (Male) |
| 5:53 | Research | Loom |
| 5:56 | Build | House |
| 6:02 | Build | Settlement |
| 6:16 | Queue | Villager (Male) |
| 6:17 | Queue | Villager (Male) |
| 7:16 | Queue | Villager (Male) |
| 7:46 | Queue | Villager (Male) |
| 7:46 | Queue | Villager (Male) |
| 8:22 | Queue | Villager (Male) |
| 8:45 | Queue | Villager (Male) |
| 9:10 | Queue | Villager (Male) |
| 9:25 | Build | Settlement |
| 9:48 | Queue | Villager (Male) |
| 10:02 | Queue | Villager (Male) |
| 10:17 | Queue | Villager (Male) |
| 10:49 | Build | Settlement |
| 11:20 | Research | Feudal Age |
| 11:57 | Queue | Villager (Male) |
| 11:58 | Queue | Villager (Male) |
| 12:16 | Build | House |
| 13:30 | Age | Feudal Age |
| 13:31 | Build | Blacksmith |
| 13:39 | Build | Market |
| 14:13 | Build | House |
| 14:23 | Build | Palisade Gate |
| 14:38 | Research | Castle Age |
| 14:38 | Research | Castle Age |
| 15:17 | Build | Palisade Wall |
| 15:57 | Build | Settlement |
| 16:22 | Research | Double-Bit Axe |
| 16:27 | Queue | Villager (Male) |
| 16:27 | Queue | Villager (Male) |
| 17:18 | Age | Castle Age |
| 17:23 | Queue | Villager (Male) |
| 17:46 | Queue | Villager (Male) |
| 18:12 | Build | Castle |
| 18:23 | Queue | Villager (Male) |
| 18:44 | Research | Bow Saw |
| 19:23 | Queue | Villager (Male) |
| 19:42 | Queue | Unit 2579 ×3 |
| 20:06 | Build | Settlement |
| 20:23 | Queue | Unit 2579 |
| 20:48 | Build | Town Center |
| 21:09 | Queue | Villager (Male) |
| 21:09 | Queue | Villager (Male) |
| 22:18 | Queue | Villager (Male) |
| 22:19 | Queue | Villager (Male) |
| 22:26 | Queue | Villager (Male) ×4 |
| 22:36 | Queue | Villager (Male) |
| 22:57 | Queue | Villager (Male) |
| 23:17 | Research | Fletching |
| 23:17 | Research | Fletching |
| 23:42 | Queue | Villager (Male) |
| 23:43 | Queue | Villager (Male) |
| 23:58 | Research | Padded Archer Armor |
| 24:02 | Queue | Unit 2579 ×5 |
| 24:06 | Queue | Villager (Male) |
| 24:13 | Build | Monastery |
| 24:35 | Queue | Villager (Male) |
| 24:35 | Queue | Villager (Male) |
| 25:04 | Queue | Villager (Male) |
| 25:05 | Queue | Villager (Male) |
| 25:05 | Queue | Villager (Male) |
| 25:13 | Build | Barracks |
| 25:21 | Queue | Villager (Male) |
| 25:21 | Queue | Villager (Male) |
| 25:23 | Queue | Monk |
| 26:09 | Research | Bodkin Arrow |
| 26:36 | Queue | Villager (Male) |
| 26:40 | Build | Archery Range |
| 26:45 | Build | Farm |
| 26:57 | Build | Settlement |
| 27:10 | Queue | Villager (Male) |
| 27:10 | Queue | Villager (Male) |
| 27:41 | Build | Farm |
| 27:42 | Build | Farm |
| 27:43 | Build | Farm |
| 27:45 | Research | Horse Collar |
| 27:48 | Queue | Villager (Male) |
| 27:52 | Queue | Unit 2579 ×5 |
| 28:04 | Research | Wheelbarrow |
| 28:19 | Queue | Villager (Male) |
| 28:21 | Build | Farm |
| 28:21 | Build | Farm |
| 28:22 | Build | Farm |
| 28:29 | Queue | Villager (Male) |
| 28:58 | Build | Siege Workshop |
| 28:59 | Queue | Villager (Male) |
| 29:00 | Queue | Villager (Male) |
| 29:10 | Build | Town Center |
| 29:46 | Queue | Villager (Male) |
| 29:46 | Queue | Villager (Male) |
| 29:47 | Queue | Villager (Male) |
| 29:57 | Queue | Unit 2579 ×5 |
| 30:20 | Research | Heavy Plow |
| 30:29 | Queue | Villager (Male) |
| 30:29 | Queue | Villager (Male) |
| 30:35 | Queue | Mangonel |
| 30:45 | Queue | Unit 2579 |
| 30:45 | Queue | Villager (Male) |
Build order — [GDL] RagnarokCo
136 actions detected in the replay
| 0:27 | Build | Town Center |
| 2:33 | Research | Loom |
| 3:05 | Queue | Villager (Male) |
| 3:05 | Queue | Villager (Male) |
| 3:05 | Queue | Villager (Male) |
| 3:06 | Queue | Villager (Male) |
| 4:39 | Queue | Villager (Male) |
| 4:39 | Queue | Villager (Male) |
| 4:41 | Queue | Villager (Male) |
| 5:19 | Build | Lumber Camp |
| 5:47 | Queue | Villager (Male) |
| 5:48 | Queue | Villager (Male) |
| 5:48 | Queue | Villager (Male) |
| 6:21 | Queue | Villager (Male) |
| 6:48 | Queue | Villager (Male) |
| 6:49 | Queue | Villager (Male) |
| 7:07 | Queue | Villager (Male) |
| 7:19 | Queue | Villager (Male) |
| 7:49 | Queue | Villager (Male) |
| 8:17 | Queue | Villager (Male) |
| 8:18 | Queue | Villager (Male) |
| 8:57 | Queue | Villager (Male) |
| 8:58 | Queue | Villager (Male) |
| 8:58 | Queue | Villager (Male) |
| 9:04 | Build | Mill |
| 9:35 | Queue | Villager (Male) |
| 10:03 | Queue | Villager (Male) |
| 10:20 | Research | Feudal Age |
| 11:18 | Build | Barracks |
| 11:21 | Queue | Villager (Male) |
| 11:22 | Queue | Villager (Male) |
| 11:32 | Build | Palisade Wall |
| 12:45 | Age | Feudal Age |
| 13:01 | Build | Stable |
| 13:05 | Queue | Villager (Male) |
| 13:16 | Queue | Villager (Male) |
| 13:26 | Queue | Villager (Male) |
| 13:39 | Build | Mining Camp |
| 14:06 | Queue | Villager (Male) |
| 14:16 | Queue | Scout Cavalry |
| 14:16 | Queue | Scout Cavalry |
| 14:16 | Queue | Scout Cavalry |
| 14:16 | Queue | Scout Cavalry |
| 14:19 | Build | Blacksmith |
| 14:20 | Queue | Villager (Male) |
| 14:37 | Queue | Villager (Male) |
| 14:54 | Queue | Villager (Male) |
| 15:12 | Queue | Villager (Male) |
| 15:32 | Queue | Villager (Male) |
| 15:36 | Research | Bloodlines |
| 15:48 | Build | Palisade Wall |
| 15:50 | Build | Palisade Wall |
| 15:51 | Build | Palisade Gate |
| 15:57 | Build | Watch Tower |
| 16:10 | Queue | Villager (Male) |
| 16:43 | Queue | Villager (Male) |
| 18:06 | Queue | Villager (Male) |
| 18:31 | Queue | Villager (Male) |
| 19:12 | Queue | Villager (Male) |
| 19:35 | Build | Mining Camp |
| 19:35 | Research | Castle Age |
| 20:44 | Queue | Villager (Male) |
| 20:47 | Build | Market |
| 21:28 | Build | Archery Range |
| 21:30 | Build | Archery Range |
| 21:33 | Research | Double-Bit Axe |
| 21:34 | Research | Horse Collar |
| 21:35 | Research | Gold Mining |
| 22:09 | Queue | Villager (Male) |
| 22:17 | Age | Castle Age |
| 22:32 | Research | Fletching |
| 22:33 | Research | Padded Archer Armor |
| 22:35 | Research | Bow Saw |
| 22:43 | Queue | Villager (Male) |
| 22:48 | Build | University |
| 23:05 | Queue | Villager (Male) |
| 23:22 | Queue | Cavalry Archer |
| 23:22 | Queue | Cavalry Archer |
| 23:30 | Build | Palisade Wall |
| 23:39 | Queue | Villager (Male) |
| 23:46 | Queue | Cavalry Archer ×5 |
| 24:00 | Research | Bodkin Arrow |
| 24:05 | Queue | Villager (Male) |
| 24:25 | Research | Husbandry |
| 24:27 | Research | Thumb Ring |
| 24:44 | Build | Castle |
| 25:06 | Queue | Cavalry Archer ×4 |
| 25:06 | Queue | Villager (Male) |
| 25:06 | Queue | Villager (Male) |
| 25:33 | Build | Farm |
| 25:34 | Build | Farm |
| 25:34 | Build | Farm |
| 25:34 | Build | Farm |
| 25:46 | Queue | Villager (Male) |
| 26:37 | Queue | Villager (Male) |
| 26:37 | Queue | Villager (Male) |
| 26:39 | Queue | Cavalry Archer ×5 |
| 26:40 | Queue | Cavalry Archer ×3 |
| 27:04 | Queue | Villager (Male) |
| 27:04 | Queue | Villager (Male) |
| 27:08 | Build | Farm |
| 27:09 | Build | Farm |
| 27:09 | Build | Farm |
| 27:09 | Build | Farm |
| 27:09 | Build | Farm |
| 27:10 | Build | Farm |
| 27:10 | Queue | Villager (Male) |
| 27:10 | Queue | Villager (Male) |
| 27:50 | Queue | Villager (Male) |
| 27:51 | Queue | Cavalry Archer ×5 |
| 27:59 | Build | Farm |
| 27:59 | Build | Farm |
| 27:59 | Build | Farm |
| 27:59 | Build | Farm |
| 28:00 | Queue | Villager (Male) |
| 28:41 | Build | Farm |
| 28:41 | Build | Farm |
| 28:42 | Build | Farm |
| 28:42 | Build | Farm |
| 28:42 | Build | Farm |
| 28:42 | Queue | Villager (Male) |
| 28:43 | Queue | Villager (Male) |
| 29:12 | Queue | Villager (Male) |
| 29:15 | Build | Farm |
| 29:15 | Build | Farm |
| 29:15 | Build | Farm |
| 30:20 | Research | Leather Archer Armor |
| 30:21 | Queue | Villager (Male) |
| 30:23 | Queue | Cavalry Archer ×5 |
| 30:24 | Queue | Cavalry Archer ×5 |
| 30:24 | Queue | Cavalry Archer ×2 |
| 30:44 | Queue | Villager (Male) |
| 30:52 | Build | Mining Camp |
| 30:57 | Queue | Villager (Male) |
| 31:20 | Queue | Villager (Male) |
| 31:23 | Build | Farm |
Build order — Peanut
First 150 of 151 actions detected
| 0:21 | Build | Town Center |
| 0:46 | Build | House |
| 3:03 | Queue | Villager (Male) |
| 3:04 | Queue | Villager (Male) |
| 3:49 | Queue | Villager (Male) |
| 3:50 | Queue | Villager (Male) |
| 4:06 | Queue | Villager (Male) |
| 4:28 | Queue | Villager (Male) |
| 5:04 | Build | House |
| 5:07 | Queue | Villager (Male) |
| 5:39 | Queue | Villager (Male) |
| 5:43 | Build | Lumber Camp |
| 5:51 | Queue | Villager (Male) |
| 6:30 | Queue | Villager (Male) |
| 6:58 | Queue | Villager (Male) |
| 7:03 | Build | House |
| 7:07 | Build | Palisade Wall |
| 7:24 | Queue | Villager (Male) |
| 7:43 | Queue | Villager (Male) |
| 8:28 | Queue | Villager (Male) |
| 8:39 | Queue | Villager (Male) |
| 8:43 | Research | Loom |
| 8:50 | Queue | Villager (Male) |
| 8:51 | Research | Loom |
| 9:56 | Build | Mill |
| 10:01 | Build | House |
| 10:21 | Research | Feudal Age |
| 10:21 | Research | Feudal Age |
| 11:50 | Queue | Villager (Male) |
| 12:31 | Age | Feudal Age |
| 12:37 | Build | Town Center |
| 12:46 | Research | Wheelbarrow |
| 13:00 | Research | Double-Bit Axe |
| 13:47 | Queue | Villager (Male) |
| 14:05 | Queue | Villager (Male) |
| 14:24 | Queue | Villager (Male) |
| 14:24 | Queue | Villager (Male) |
| 14:37 | Queue | Villager (Male) |
| 14:52 | Queue | Villager (Male) |
| 14:53 | Queue | Villager (Male) |
| 15:04 | Queue | Villager (Male) |
| 15:18 | Build | Blacksmith |
| 15:20 | Queue | Villager (Male) |
| 16:02 | Queue | Villager (Male) |
| 16:03 | Queue | Villager (Male) |
| 16:04 | Queue | Villager (Male) |
| 16:08 | Build | Market |
| 16:11 | Queue | Villager (Male) |
| 16:12 | Queue | Villager (Male) |
| 16:16 | Build | House |
| 16:29 | Research | Horse Collar |
| 16:32 | Build | Farm |
| 16:46 | Build | Farm |
| 16:50 | Queue | Villager (Male) |
| 16:53 | Build | Farm |
| 17:12 | Queue | Villager (Male) |
| 17:14 | Build | House |
| 17:19 | Build | Farm |
| 17:29 | Queue | Villager (Male) |
| 17:46 | Queue | Villager (Male) |
| 18:08 | Queue | Villager (Male) |
| 18:18 | Build | House |
| 18:20 | Build | Palisade Wall |
| 18:24 | Build | Farm |
| 18:32 | Queue | Villager (Male) |
| 18:33 | Queue | Villager (Male) |
| 18:37 | Build | Barracks |
| 18:48 | Research | Town Watch |
| 18:50 | Queue | Villager (Male) |
| 19:18 | Queue | Villager (Male) |
| 19:20 | Queue | Villager (Male) |
| 19:29 | Build | House |
| 19:30 | Queue | Spearman |
| 19:30 | Queue | Spearman |
| 19:37 | Queue | Villager (Male) |
| 19:38 | Queue | Villager (Male) |
| 19:43 | Build | House |
| 19:51 | Build | Farm |
| 19:52 | Build | Farm |
| 19:53 | Build | Farm |
| 19:56 | Build | Farm |
| 19:57 | Queue | Villager (Male) |
| 20:17 | Queue | Villager (Male) |
| 20:45 | Queue | Villager (Male) |
| 21:11 | Queue | Spearman |
| 21:15 | Build | Farm |
| 21:28 | Research | Fletching |
| 21:29 | Queue | Villager (Male) |
| 21:30 | Queue | Villager (Male) |
| 21:31 | Queue | Villager (Male) |
| 21:52 | Queue | Villager (Male) |
| 21:52 | Queue | Villager (Male) |
| 21:55 | Queue | Villager (Male) |
| 21:56 | Queue | Villager (Male) |
| 21:58 | Build | House |
| 21:59 | Build | House |
| 22:11 | Build | Mining Camp |
| 22:22 | Build | Farm |
| 22:24 | Build | Farm |
| 22:26 | Queue | Villager (Male) |
| 22:30 | Build | House |
| 23:04 | Research | Castle Age |
| 23:05 | Queue | Villager (Male) |
| 23:21 | Build | House |
| 23:22 | Build | House |
| 23:25 | Queue | Spearman |
| 23:29 | Queue | Villager (Male) |
| 23:36 | Build | Farm |
| 23:37 | Build | Farm |
| 23:38 | Build | Farm |
| 24:05 | Research | Scale Mail Armor |
| 24:18 | Build | House |
| 24:35 | Build | Barracks |
| 24:36 | Build | Palisade Wall |
| 24:37 | Build | Palisade Wall |
| 24:39 | Build | Palisade Wall |
| 24:42 | Build | Palisade Wall |
| 24:43 | Build | Palisade Wall |
| 24:45 | Build | Palisade Wall |
| 24:50 | Queue | Villager (Male) |
| 24:51 | Queue | Villager (Male) |
| 24:52 | Queue | Villager (Male) |
| 24:55 | Build | Farm |
| 25:12 | Queue | Spearman |
| 25:44 | Age | Castle Age |
| 25:50 | Build | Siege Workshop |
| 25:56 | Queue | Villager (Male) |
| 25:56 | Queue | Villager (Male) |
| 25:57 | Queue | Villager (Male) |
| 26:16 | Queue | Villager (Male) |
| 26:17 | Queue | Villager (Male) |
| 26:30 | Build | Castle |
| 26:48 | Queue | Villager (Male) |
| 27:30 | Build | Lumber Camp |
| 27:32 | Queue | Villager (Male) |
| 28:09 | Queue | Villager (Male) |
| 28:11 | Queue | Kipchak |
| 28:35 | Queue | Kipchak |
| 28:52 | Queue | Villager (Male) |
| 28:58 | Queue | Kipchak |
| 29:07 | Queue | Villager (Male) |
| 29:18 | Queue | Kipchak |
| 29:21 | Queue | Villager (Male) |
| 29:27 | Queue | Kipchak |
| 29:44 | Queue | Villager (Male) |
| 30:12 | Queue | Villager (Male) |
| 30:13 | Queue | Villager (Male) |
| 30:32 | Queue | Villager (Male) |
| 30:34 | Queue | Villager (Male) |
| 30:45 | Queue | Villager (Male) |
Build order — Falso Caballero
106 actions detected in the replay
| 0:16 | Build | Lumber Camp |
| 0:27 | Build | House |
| 1:31 | Build | Palisade Wall |
| 1:33 | Build | Palisade Wall |
| 1:34 | Build | Palisade Wall |
| 1:35 | Build | Palisade Wall |
| 1:40 | Build | Town Center |
| 4:14 | Queue | Villager (Male) |
| 4:14 | Queue | Villager (Male) |
| 4:15 | Queue | Villager (Male) |
| 4:15 | Queue | Villager (Male) |
| 4:29 | Build | House |
| 5:20 | Research | Loom |
| 5:24 | Build | House |
| 6:29 | Queue | Villager (Male) |
| 6:29 | Queue | Villager (Male) |
| 6:31 | Queue | Villager (Male) |
| 6:51 | Queue | Villager (Male) |
| 6:51 | Queue | Villager (Male) |
| 6:56 | Build | House |
| 7:18 | Queue | Villager (Male) |
| 7:19 | Queue | Villager (Male) |
| 7:32 | Queue | Villager (Male) |
| 8:07 | Queue | Villager (Male) |
| 8:40 | Build | House |
| 9:08 | Build | Lumber Camp |
| 9:11 | Queue | Villager (Male) |
| 9:11 | Queue | Villager (Male) |
| 9:11 | Queue | Villager (Male) |
| 9:27 | Queue | Villager (Male) |
| 10:40 | Build | Town Center |
| 10:48 | Build | House |
| 10:54 | Build | Palisade Wall |
| 11:02 | Build | Palisade Wall |
| 11:05 | Build | Palisade Wall |
| 12:27 | Build | House |
| 12:55 | Queue | Villager (Male) |
| 12:56 | Queue | Villager (Male) |
| 14:05 | Build | Outpost |
| 14:23 | Queue | Villager (Male) |
| 14:23 | Queue | Villager (Male) |
| 14:38 | Build | Outpost |
| 15:46 | Build | Town Center |
| 16:00 | Build | Palisade Wall |
| 16:03 | Build | Palisade Wall |
| 16:04 | Build | Palisade Wall |
| 16:13 | Build | Mining Camp |
| 16:29 | Queue | Villager (Male) |
| 16:29 | Queue | Villager (Male) |
| 16:29 | Queue | Villager (Male) |
| 16:52 | Build | Outpost |
| 16:55 | Build | Outpost |
| 17:09 | Queue | Villager (Male) |
| 17:21 | Build | Palisade Wall |
| 17:39 | Build | Palisade Wall |
| 18:31 | Build | Outpost |
| 18:36 | Build | Palisade Wall |
| 18:37 | Build | Palisade Wall |
| 18:38 | Build | Palisade Wall |
| 18:39 | Build | Palisade Wall |
| 18:40 | Build | Palisade Wall |
| 18:40 | Build | Palisade Wall |
| 18:41 | Build | Palisade Wall |
| 19:48 | Build | Town Center |
| 20:14 | Build | Palisade Wall |
| 20:18 | Build | Palisade Wall |
| 20:21 | Build | Palisade Wall |
| 20:24 | Build | Palisade Wall |
| 21:16 | Build | Mill |
| 22:13 | Build | Farm |
| 22:15 | Build | Farm |
| 22:40 | Build | Farm |
| 22:45 | Build | Farm |
| 23:19 | Queue | Villager (Male) |
| 23:23 | Build | Farm |
| 23:28 | Build | Farm |
| 23:31 | Queue | Villager (Male) |
| 23:36 | Build | Farm |
| 23:39 | Queue | Villager (Male) |
| 25:30 | Build | House |
| 25:41 | Build | Palisade Wall |
| 25:44 | Build | Palisade Wall |
| 26:14 | Build | Town Center |
| 28:05 | Queue | Villager (Male) |
| 28:05 | Queue | Villager (Male) |
| 28:05 | Queue | Villager (Male) |
| 28:05 | Queue | Villager (Male) |
| 28:05 | Queue | Villager (Male) |
| 28:36 | Build | Farm |
| 28:38 | Build | Farm |
| 28:56 | Queue | Villager (Male) |
| 28:56 | Queue | Villager (Male) |
| 29:01 | Build | Farm |
| 29:03 | Build | Farm |
| 29:13 | Build | Farm |
| 29:14 | Build | Farm |
| 29:50 | Queue | Villager (Male) |
| 29:53 | Build | Farm |
| 30:03 | Queue | Villager (Male) |
| 30:03 | Queue | Villager (Male) |
| 30:08 | Build | Farm |
| 30:23 | Queue | Villager (Male) |
| 30:32 | Build | Farm |
| 30:58 | Build | Farm |
| 31:04 | Build | House |
| 31:23 | Queue | Villager (Male) |
Build order — Dr T
First 150 of 152 actions detected
| 0:14 | Build | House |
| 0:19 | Build | Town Center |
| 2:26 | Build | House |
| 2:39 | Queue | Villager (Male) |
| 2:39 | Queue | Villager (Male) |
| 2:40 | Queue | Villager (Male) |
| 2:40 | Queue | Villager (Male) |
| 2:40 | Queue | Villager (Male) |
| 3:40 | Queue | Villager (Male) |
| 4:12 | Queue | Villager (Male) |
| 4:32 | Queue | Villager (Male) |
| 5:12 | Build | Lumber Camp |
| 5:34 | Queue | Villager (Male) |
| 5:34 | Queue | Villager (Male) |
| 6:01 | Queue | Villager (Male) |
| 6:33 | Build | House |
| 6:37 | Queue | Villager (Male) |
| 6:43 | Queue | Villager (Male) |
| 7:05 | Build | House |
| 7:29 | Build | Palisade Wall |
| 7:33 | Build | Palisade Gate |
| 7:47 | Build | House |
| 7:49 | Build | Palisade Wall |
| 8:05 | Queue | Villager (Male) |
| 8:05 | Queue | Villager (Male) |
| 8:06 | Queue | Villager (Male) |
| 8:06 | Queue | Villager (Male) |
| 8:06 | Queue | Villager (Male) |
| 8:40 | Queue | Villager (Male) |
| 8:40 | Queue | Villager (Male) |
| 9:11 | Queue | Villager (Male) |
| 9:33 | Build | Mill |
| 9:42 | Queue | Villager (Male) |
| 9:55 | Queue | Villager (Male) |
| 11:01 | Queue | Villager (Male) |
| 11:01 | Queue | Villager (Male) |
| 11:02 | Queue | Villager (Male) |
| 11:02 | Queue | Villager (Male) |
| 11:02 | Queue | Villager (Male) |
| 11:26 | Queue | Villager (Male) |
| 11:46 | Queue | Villager (Male) |
| 11:54 | Build | Mill |
| 12:21 | Queue | Villager (Male) |
| 13:22 | Queue | Villager (Male) |
| 14:10 | Build | Town Center |
| 14:31 | Build | Mining Camp |
| 15:26 | Research | Feudal Age |
| 16:19 | Build | Lumber Camp |
| 16:42 | Build | House |
| 16:53 | Build | House |
| 17:19 | Build | House |
| 17:36 | Age | Feudal Age |
| 17:39 | Build | Palisade Gate |
| 17:40 | Queue | Villager (Male) |
| 17:41 | Queue | Villager (Male) |
| 18:02 | Build | Blacksmith |
| 18:09 | Queue | Villager (Male) |
| 18:16 | Build | Stable |
| 18:18 | Queue | Villager (Male) |
| 18:20 | Queue | Villager (Male) |
| 18:29 | Research | Double-Bit Axe |
| 19:01 | Build | Stable |
| 19:09 | Queue | Scout Cavalry |
| 19:09 | Queue | Scout Cavalry |
| 19:13 | Queue | Villager (Male) |
| 19:56 | Build | Market |
| 20:04 | Research | Bloodlines |
| 21:00 | Build | Lumber Camp |
| 21:02 | Queue | Villager (Male) |
| 21:06 | Queue | Villager (Male) |
| 21:08 | Queue | Villager (Male) |
| 21:25 | Queue | Scout Cavalry |
| 21:25 | Queue | Scout Cavalry |
| 21:25 | Queue | Scout Cavalry |
| 21:25 | Queue | Scout Cavalry |
| 21:26 | Queue | Scout Cavalry |
| 21:34 | Build | Mining Camp |
| 21:47 | Queue | Scout Cavalry |
| 21:54 | Build | House |
| 22:03 | Research | Scale Barding Armor |
| 22:12 | Build | House |
| 22:14 | Build | House |
| 22:44 | Build | House |
| 22:46 | Build | House |
| 22:50 | Build | Farm |
| 22:51 | Build | Farm |
| 22:51 | Build | Farm |
| 22:51 | Build | Farm |
| 23:26 | Queue | Villager (Male) |
| 23:27 | Queue | Villager (Male) |
| 23:30 | Build | House |
| 23:36 | Build | Farm |
| 23:41 | Build | Farm |
| 23:41 | Build | Farm |
| 24:03 | Build | Farm |
| 24:06 | Build | Mill |
| 24:20 | Queue | Villager (Male) |
| 24:22 | Queue | Villager (Male) |
| 25:29 | Queue | Villager (Male) |
| 25:30 | Queue | Villager (Male) |
| 25:30 | Queue | Villager (Male) |
| 25:44 | Build | Farm |
| 25:44 | Build | Farm |
| 25:44 | Build | Farm |
| 25:45 | Build | Farm |
| 25:57 | Queue | Villager (Male) |
| 25:58 | Queue | Villager (Male) |
| 26:04 | Build | Farm |
| 26:06 | Build | Farm |
| 26:26 | Build | Farm |
| 26:36 | Queue | Scout Cavalry |
| 26:36 | Queue | Scout Cavalry |
| 26:37 | Queue | Scout Cavalry |
| 26:41 | Build | Farm |
| 26:55 | Queue | Villager (Male) |
| 26:59 | Queue | Scout Cavalry |
| 26:59 | Queue | Scout Cavalry |
| 26:59 | Queue | Scout Cavalry |
| 26:59 | Queue | Scout Cavalry |
| 27:00 | Queue | Scout Cavalry |
| 27:00 | Queue | Scout Cavalry |
| 27:00 | Queue | Scout Cavalry |
| 27:19 | Build | Farm |
| 27:35 | Queue | Villager (Male) |
| 27:38 | Build | Farm |
| 27:50 | Queue | Villager (Male) |
| 27:54 | Build | Farm |
| 28:02 | Queue | Villager (Male) |
| 28:05 | Queue | Scout Cavalry |
| 28:05 | Queue | Scout Cavalry |
| 28:14 | Research | Forging |
| 28:25 | Queue | Scout Cavalry |
| 28:25 | Queue | Scout Cavalry |
| 28:28 | Queue | Villager (Male) |
| 28:29 | Research | Loom |
| 28:39 | Build | Farm |
| 29:16 | Queue | Villager (Male) |
| 29:17 | Queue | Villager (Male) |
| 29:26 | Build | Lumber Camp |
| 29:54 | Build | Farm |
| 29:54 | Build | Farm |
| 29:58 | Queue | Villager (Male) |
| 29:58 | Queue | Villager (Male) |
| 30:02 | Queue | Scout Cavalry |
| 30:02 | Queue | Scout Cavalry |
| 30:03 | Queue | Scout Cavalry |
| 30:23 | Build | House |
| 30:27 | Queue | Villager (Male) |
| 30:29 | Queue | Villager (Male) |
| 30:36 | Build | Farm |
Build order — Mr. Snuss
First 150 of 219 actions detected
| 0:28 | Build | Town Center |
| 2:43 | Build | House |
| 2:57 | Queue | Villager (Male) |
| 2:58 | Queue | Villager (Male) |
| 2:58 | Queue | Villager (Male) |
| 3:33 | Queue | Villager (Male) |
| 3:33 | Queue | Villager (Male) |
| 3:37 | Build | House |
| 4:34 | Queue | Villager (Male) |
| 4:35 | Queue | Villager (Male) |
| 5:25 | Build | House |
| 5:26 | Queue | Villager (Male) |
| 5:43 | Queue | Villager (Male) |
| 5:46 | Queue | Villager (Male) |
| 5:50 | Build | Lumber Camp |
| 6:05 | Queue | Villager (Male) |
| 6:39 | Queue | Villager (Male) |
| 7:03 | Build | House |
| 7:29 | Build | House |
| 7:42 | Queue | Villager (Male) |
| 7:43 | Queue | Villager (Male) |
| 7:43 | Queue | Villager (Male) |
| 8:09 | Queue | Villager (Male) |
| 8:42 | Queue | Villager (Male) |
| 8:46 | Build | Mill |
| 9:00 | Queue | Villager (Male) |
| 9:03 | Build | House |
| 9:22 | Build | House |
| 9:33 | Build | House |
| 10:16 | Queue | Villager (Male) |
| 10:18 | Research | Feudal Age |
| 10:20 | Queue | Villager (Male) |
| 10:21 | Research | Loom |
| 10:36 | Research | Feudal Age |
| 10:43 | Build | Mining Camp |
| 12:40 | Queue | Villager (Male) |
| 12:40 | Queue | Villager (Male) |
| 13:36 | Age | Feudal Age |
| 13:37 | Build | Market |
| 13:59 | Build | Blacksmith |
| 14:29 | Research | Castle Age |
| 14:43 | Research | Double-Bit Axe |
| 15:16 | Build | Palisade Wall |
| 15:18 | Build | Palisade Wall |
| 15:20 | Build | Palisade Wall |
| 16:28 | Queue | Villager (Male) |
| 17:09 | Age | Castle Age |
| 17:14 | Build | Town Center |
| 17:16 | Queue | Villager (Male) |
| 17:18 | Build | Town Center |
| 17:20 | Queue | Villager (Male) |
| 17:37 | Build | House |
| 17:39 | Build | House |
| 18:05 | Queue | Villager (Male) |
| 18:34 | Queue | Villager (Male) |
| 18:34 | Queue | Villager (Male) |
| 18:34 | Queue | Villager (Male) |
| 18:36 | Queue | Villager (Male) |
| 18:37 | Research | Bow Saw |
| 19:03 | Queue | Villager (Male) |
| 19:03 | Queue | Villager (Male) |
| 19:07 | Research | Horse Collar |
| 19:20 | Queue | Villager (Male) |
| 19:25 | Research | Wheelbarrow |
| 19:33 | Queue | Villager (Male) |
| 19:59 | Queue | Villager (Male) |
| 20:00 | Research | Town Watch |
| 20:04 | Build | Farm |
| 20:06 | Build | Farm |
| 20:12 | Build | Farm |
| 20:14 | Research | Heavy Plow |
| 20:16 | Queue | Villager (Male) |
| 20:16 | Queue | Villager (Male) |
| 20:34 | Queue | Villager (Male) |
| 20:39 | Queue | Villager (Male) |
| 20:45 | Queue | Villager (Male) |
| 21:01 | Build | Siege Workshop |
| 21:03 | Queue | Villager (Male) |
| 21:25 | Queue | Villager (Male) |
| 21:27 | Build | Farm |
| 21:27 | Build | Farm |
| 21:28 | Build | Farm |
| 21:28 | Build | Farm |
| 21:29 | Queue | Villager (Male) |
| 21:29 | Queue | Villager (Male) |
| 21:45 | Queue | Villager (Male) |
| 21:54 | Queue | Mangonel |
| 21:58 | Build | House |
| 22:00 | Queue | Villager (Male) |
| 22:00 | Queue | Villager (Male) |
| 22:00 | Queue | Villager (Male) |
| 22:01 | Queue | Villager (Male) |
| 22:13 | Build | Lumber Camp |
| 22:16 | Build | House |
| 22:17 | Build | House |
| 22:19 | Queue | Villager (Male) |
| 22:36 | Queue | Villager (Male) |
| 22:46 | Build | Farm |
| 22:47 | Queue | Villager (Male) |
| 22:56 | Queue | Mangonel |
| 23:16 | Build | Farm |
| 23:17 | Queue | Villager (Male) |
| 23:20 | Build | Farm |
| 23:20 | Build | Farm |
| 23:20 | Build | Farm |
| 23:20 | Build | Farm |
| 23:20 | Build | Farm |
| 23:21 | Build | Farm |
| 23:27 | Queue | Villager (Male) |
| 23:34 | Queue | Villager (Male) |
| 23:58 | Queue | Villager (Male) |
| 23:59 | Queue | Villager (Male) |
| 24:00 | Queue | Villager (Male) |
| 24:00 | Queue | Villager (Male) |
| 24:00 | Queue | Villager (Male) |
| 24:02 | Build | House |
| 24:02 | Build | House |
| 24:03 | Build | House |
| 24:03 | Build | House |
| 24:04 | Queue | Villager (Male) |
| 24:41 | Queue | Villager (Male) |
| 24:41 | Queue | Villager (Male) |
| 24:44 | Queue | Villager (Male) |
| 24:45 | Queue | Villager (Male) |
| 24:54 | Build | Town Center |
| 24:55 | Queue | Villager (Male) |
| 24:57 | Build | House |
| 24:58 | Build | House |
| 24:58 | Build | House |
| 25:10 | Queue | Villager (Male) |
| 25:11 | Queue | Villager (Male) |
| 25:14 | Build | Farm |
| 25:14 | Build | Farm |
| 25:15 | Build | Farm |
| 25:32 | Queue | Villager (Male) |
| 25:32 | Queue | Villager (Male) |
| 25:36 | Build | Farm |
| 25:36 | Build | Farm |
| 25:36 | Build | Farm |
| 25:36 | Build | Farm |
| 25:36 | Build | Farm |
| 25:36 | Build | Farm |
| 25:37 | Build | Farm |
| 25:37 | Build | Farm |
| 25:37 | Build | Farm |
| 25:37 | Build | Farm |
| 25:37 | Build | Farm |
| 25:54 | Queue | Villager (Male) |
| 25:54 | Queue | Villager (Male) |
| 25:59 | Build | Farm |
Build order — [URU] ElPrimerURU
First 150 of 155 actions detected
| 0:27 | Build | Town Center |
| 2:41 | Build | House |
| 2:44 | Queue | Villager (Male) |
| 2:44 | Queue | Villager (Male) |
| 2:44 | Queue | Villager (Male) |
| 2:45 | Queue | Villager (Male) |
| 2:45 | Queue | Villager (Male) |
| 3:40 | Build | House |
| 4:17 | Build | Lumber Camp |
| 4:18 | Queue | Villager (Male) |
| 4:18 | Queue | Villager (Male) |
| 4:18 | Queue | Villager (Male) |
| 4:43 | Queue | Villager (Male) |
| 4:43 | Queue | Villager (Male) |
| 5:08 | Queue | Villager (Male) |
| 5:08 | Queue | Villager (Male) |
| 5:50 | Research | Loom |
| 5:50 | Research | Loom |
| 6:17 | Queue | Villager (Male) |
| 6:18 | Queue | Villager (Male) |
| 6:18 | Queue | Villager (Male) |
| 6:19 | Queue | Villager (Male) |
| 6:59 | Queue | Villager (Male) |
| 7:00 | Queue | Villager (Male) |
| 7:07 | Build | House |
| 7:07 | Queue | Villager (Male) |
| 7:08 | Queue | Villager (Male) |
| 7:13 | Build | House |
| 7:56 | Queue | Villager (Male) |
| 8:05 | Build | House |
| 8:08 | Build | Mill |
| 8:13 | Queue | Villager (Male) |
| 10:17 | Queue | Villager (Male) |
| 10:46 | Queue | Villager (Male) |
| 10:49 | Build | Mining Camp |
| 11:06 | Research | Feudal Age |
| 11:23 | Build | Mill |
| 12:17 | Build | Mining Camp |
| 13:21 | Age | Feudal Age |
| 13:23 | Build | Market |
| 13:24 | Queue | Villager (Male) |
| 13:24 | Queue | Villager (Male) |
| 13:33 | Build | Blacksmith |
| 13:34 | Queue | Villager (Male) |
| 14:17 | Research | Castle Age |
| 14:18 | Research | Castle Age |
| 14:43 | Research | Double-Bit Axe |
| 14:43 | Research | Double-Bit Axe |
| 16:26 | Build | Outpost |
| 17:00 | Age | Castle Age |
| 17:01 | Queue | Villager (Male) |
| 17:01 | Queue | Villager (Male) |
| 17:05 | Build | Town Center |
| 17:10 | Research | Bow Saw |
| 17:10 | Research | Bow Saw |
| 17:31 | Build | House |
| 17:33 | Build | House |
| 18:08 | Queue | Villager (Male) |
| 18:09 | Queue | Villager (Male) |
| 18:09 | Queue | Villager (Male) |
| 18:22 | Queue | Villager (Male) |
| 18:22 | Queue | Villager (Male) |
| 18:37 | Build | Castle |
| 18:53 | Queue | Villager (Male) |
| 18:53 | Queue | Villager (Male) |
| 19:03 | Build | Town Center |
| 19:17 | Queue | Villager (Male) |
| 19:17 | Queue | Villager (Male) |
| 19:18 | Queue | Villager (Male) |
| 19:42 | Build | Mill |
| 19:55 | Queue | Mangudai |
| 20:05 | Build | Mill |
| 20:19 | Queue | Villager (Male) |
| 20:19 | Queue | Villager (Male) |
| 21:15 | Queue | Villager (Male) |
| 21:16 | Queue | Villager (Male) |
| 21:39 | Build | House |
| 21:40 | Build | Palisade Wall |
| 21:47 | Build | Siege Workshop |
| 22:30 | Queue | Mangonel |
| 22:34 | Build | Mining Camp |
| 22:38 | Queue | Villager (Male) |
| 22:38 | Queue | Villager (Male) |
| 22:56 | Queue | Villager (Male) |
| 22:56 | Queue | Villager (Male) |
| 23:00 | Research | Horse Collar |
| 23:01 | Queue | Villager (Male) |
| 23:01 | Queue | Villager (Male) |
| 23:01 | Queue | Villager (Male) |
| 23:01 | Queue | Villager (Male) |
| 23:12 | Queue | Villager (Male) |
| 23:12 | Queue | Villager (Male) |
| 23:12 | Queue | Villager (Male) |
| 23:13 | Queue | Villager (Male) |
| 23:32 | Queue | Villager (Male) |
| 23:36 | Build | Farm |
| 23:39 | Build | Farm |
| 23:43 | Build | Farm |
| 24:06 | Build | Farm |
| 24:08 | Build | Farm |
| 24:12 | Build | Farm |
| 24:13 | Build | Farm |
| 24:22 | Build | Farm |
| 24:29 | Build | Farm |
| 24:37 | Build | Farm |
| 24:45 | Build | Farm |
| 24:52 | Build | Farm |
| 25:16 | Build | Farm |
| 25:21 | Build | Farm |
| 25:49 | Build | Mill |
| 25:57 | Build | Farm |
| 25:59 | Build | Farm |
| 26:00 | Build | Farm |
| 26:45 | Research | Imperial Age |
| 26:45 | Research | Imperial Age |
| 26:56 | Build | Lumber Camp |
| 27:22 | Queue | Mangudai |
| 27:23 | Queue | Mangudai |
| 27:25 | Research | Fletching |
| 27:25 | Research | Fletching |
| 27:36 | Research | Wheelbarrow |
| 27:37 | Research | Wheelbarrow |
| 28:11 | Queue | Mangudai |
| 28:11 | Queue | Mangudai |
| 28:31 | Research | Bodkin Arrow |
| 28:31 | Research | Bodkin Arrow |
| 28:52 | Research | Padded Archer Armor |
| 28:54 | Queue | Mangudai |
| 28:54 | Queue | Mangudai |
| 29:05 | Research | Gold Mining |
| 29:06 | Research | Gold Mining |
| 29:13 | Queue | Mangudai |
| 29:39 | Queue | Villager (Male) |
| 29:39 | Queue | Villager (Male) |
| 29:39 | Queue | Villager (Male) |
| 29:55 | Age | Imperial Age |
| 29:57 | Queue | Trebuchet (Packed) |
| 29:58 | Queue | Villager (Male) |
| 29:58 | Queue | Villager (Male) |
| 30:00 | Queue | Villager (Male) |
| 30:12 | Build | Mining Camp |
| 30:14 | Queue | Villager (Male) |
| 30:14 | Queue | Villager (Male) |
| 30:29 | Build | Town Center |
| 30:45 | Queue | Trebuchet (Packed) |
| 30:52 | Queue | Villager (Male) |
| 30:53 | Queue | Villager (Male) |
| 30:53 | Queue | Villager (Male) |
| 30:53 | Queue | Villager (Male) |
| 31:01 | Build | Farm |
Match timeline
| 1:31 | Falso Caballero · wall_segment Palisade Wall x1 |
| 1:33 | Falso Caballero · wall_segment Palisade Wall x1 |
| 1:34 | Falso Caballero · wall_segment Palisade Wall x1 |
| 1:35 | Falso Caballero · wall_segment Palisade Wall x1 |
| 7:07 | Peanut · wall_segment Palisade Wall x1 |
| 7:29 | Dr T · wall_segment Palisade Wall x4 |
| 7:49 | Dr T · wall_segment Palisade Wall x1 |
| 10:54 | Falso Caballero · wall_segment Palisade Wall x1 |
| 11:02 | Falso Caballero · wall_segment Palisade Wall x1 |
| 11:05 | Falso Caballero · wall_segment Palisade Wall x1 |
| 11:18 | [GDL] RagnarokCo · first_building Barracks |
| 11:32 | [GDL] RagnarokCo · wall_segment Palisade Wall x6 |
| 11:38 | Dadagama · first_building Barracks |
| 12:31 | Peanut · age_up feudal |
| 12:45 | [GDL] RagnarokCo · age_up feudal |
| 13:01 | [GDL] RagnarokCo · first_building Stable |
| 13:21 | [URU] ElPrimerURU · age_up feudal |
| 13:30 | Komibeorn · age_up feudal |
| 13:36 | Mr. Snuss · age_up feudal |
| 13:36 | Dadagama · age_up feudal |
| 13:38 | Dadagama · first_building Stable |
| 14:16 | [URU] ElPrimerURU · first_market_sell 100 wood |
| 15:16 | Mr. Snuss · wall_segment Palisade Wall x1 |
| 15:17 | Komibeorn · wall_segment Palisade Wall x6 |
| 15:18 | Mr. Snuss · wall_segment Palisade Wall x1 |
| 15:20 | Mr. Snuss · wall_segment Palisade Wall x1 |
| 15:48 | [GDL] RagnarokCo · wall_segment Palisade Wall x6 |
| 15:50 | [GDL] RagnarokCo · wall_segment Palisade Wall x5 |
| 16:00 | Falso Caballero · wall_segment Palisade Wall x1 |
| 16:03 | Falso Caballero · wall_segment Palisade Wall x1 |
| 16:04 | Falso Caballero · wall_segment Palisade Wall x1 |
| 17:00 | [URU] ElPrimerURU · age_up castle |
| 17:09 | Mr. Snuss · age_up castle |
| 17:18 | Komibeorn · age_up castle |
| 17:21 | Falso Caballero · wall_segment Palisade Wall x1 |
| 17:36 | Dr T · age_up feudal |
| 17:39 | Falso Caballero · wall_segment Palisade Wall x1 |
| 18:12 | Komibeorn · first_building Castle |
| 18:16 | Dr T · first_building Stable |
| 18:20 | Peanut · wall_segment Palisade Wall x1 |
| 18:36 | Falso Caballero · wall_segment Palisade Wall x1 |
| 18:37 | [URU] ElPrimerURU · first_building Castle |
| 18:37 | Peanut · first_building Barracks |
| 18:37 | Falso Caballero · wall_segment Palisade Wall x1 |
| 18:38 | Falso Caballero · wall_segment Palisade Wall x1 |
| 18:39 | Falso Caballero · wall_segment Palisade Wall x1 |
| 18:40 | Falso Caballero · wall_segment Palisade Wall x1 |
| 18:40 | Falso Caballero · wall_segment Palisade Wall x1 |
| 18:41 | Falso Caballero · wall_segment Palisade Wall x1 |
| 18:46 | Dadagama · age_up castle |
| 19:16 | [URU] ElPrimerURU · first_market_buy 100 food |
| 20:14 | Falso Caballero · wall_segment Palisade Wall x1 |
| 20:18 | Falso Caballero · wall_segment Palisade Wall x1 |
| 20:21 | Falso Caballero · wall_segment Palisade Wall x1 |
| 20:24 | Falso Caballero · wall_segment Palisade Wall x1 |
| 20:32 | Peanut · first_market_buy 100 food |
| 21:01 | Mr. Snuss · first_building Siege Workshop |
| 21:28 | [GDL] RagnarokCo · first_building Archery Range |
| 21:40 | [URU] ElPrimerURU · wall_segment Palisade Wall x1 |
| 21:47 | [URU] ElPrimerURU · first_building Siege Workshop |
| 22:09 | Mr. Snuss · first_market_sell 100 food |
| 22:10 | Mr. Snuss · first_market_buy 100 wood |
| 22:17 | [GDL] RagnarokCo · age_up castle |
| 22:39 | Peanut · first_market_sell 500 wood |
| 23:05 | Dadagama · first_building Siege Workshop |
| 23:30 | [GDL] RagnarokCo · wall_segment Palisade Wall x6 |
| 23:53 | Komibeorn · first_market_buy 100 food |
| 24:13 | Komibeorn · first_building Monastery |
| 24:36 | Peanut · wall_segment Palisade Wall x1 |
| 24:37 | Peanut · wall_segment Palisade Wall x1 |
| 24:39 | Peanut · wall_segment Palisade Wall x1 |
| 24:42 | Peanut · wall_segment Palisade Wall x1 |
| 24:43 | Peanut · wall_segment Palisade Wall x1 |
| 24:44 | [GDL] RagnarokCo · first_building Castle |
| 24:45 | Peanut · wall_segment Palisade Wall x1 |
| 25:13 | Komibeorn · first_building Barracks |
| 25:41 | Falso Caballero · wall_segment Palisade Wall x1 |
| 25:44 | Falso Caballero · wall_segment Palisade Wall x1 |
| 25:44 | Peanut · age_up castle |
| 25:50 | Peanut · first_building Siege Workshop |
| 26:30 | Peanut · first_building Castle |
| 26:40 | Komibeorn · first_building Archery Range |
| 28:03 | Komibeorn · first_market_sell 100 wood |
| 28:09 | Mr. Snuss · first_building Monastery |
| 28:58 | Komibeorn · first_building Siege Workshop |
| 29:55 | [URU] ElPrimerURU · age_up imperial |
| 30:38 | Mr. Snuss · tribute_sent a jugador 1 |
| 30:38 | Mr. Snuss · tribute_sent a jugador 2 |
| 30:38 | Mr. Snuss · tribute_sent a jugador 3 |
| 30:38 | Mr. Snuss · tribute_sent a jugador 4 |
| 30:38 | Mr. Snuss · tribute_sent a jugador 5 |
| 30:38 | Mr. Snuss · tribute_sent a jugador 6 |
| 30:38 | Mr. Snuss · tribute_sent a jugador 8 |
| 30:43 | Mr. Snuss · first_building Castle |
| 31:08 | Mr. Snuss · resign |
[ AI ANALYSIS · 1 CREDIT ]
What really happened in this match?
Wolo.gg analyzes every decision: build order, eco, micro, common mistakes by bracket. Personalized analysis on WhatsApp or Discord in 30 seconds.
Civ guide
Magyars
Perfil
Jugador #11526726